 Dungeon Crawl Stone Soup version 0.31-a0-237-g2d982f9f85 (webtiles) character file.

Game seed: 17918432333846783492

63 qw the Shooter (level 3, 0/29 HPs)
             Began as a Minotaur Hexslinger on July 10, 2023.
             Slain by a goblin
             ... wielding a +0 club
              (3 damage)
             ... on level 2 of the Dungeon.
             The game lasted 00:00:35 (1525 turns).

qw the Shooter (Minotaur Hexslinger)                Turns: 1525, Time: 00:00:35

Health: 0/29       AC:  2    Str: 12    XL:     3   Next: 89%
Magic:  3/3        EV: 12    Int: 10    God:
Gold:   79         SH:  0    Dex: 14    Spells: 3/4 levels left

rFire   . . .        Y - +1 sling
rCold   . . .        (no shield)
rNeg    . . .        c - +0 robe
rPois   .            (helmet restricted)
rElec   .            (no cloak)
rCorr   .            (no gloves)
SInv    .            (no boots)
Will    .....        (no amulet)
Stlth   +            (no ring)
HPRegen 0.24/turn    (no ring)
MPRegen 0.08/turn

%: no passive effects
@: no status effects
A: horns 2, retaliatory headbutt
a: no special abilities


You were on level 2 of the Dungeon.
You visited 1 branch of the dungeon, and saw 2 of its levels.

You collected 79 gold pieces.


Innate Abilities, Weirdness & Mutations

You have a pair of horns on your head.
You reflexively headbutt those who attack you in melee.


   Skills:
 - Level 2.0 Fighting
 + Level 4.4 Ranged Weapons
 - Level 2.1 Dodging
 - Level 1.0 Spellcasting
 - Level 2.0 Hexes


You had 3 spell levels left.
You knew the following spells:

 Your Spells              Type           Power      Damage    Failure   Level
a - Slow                  Hex            16%        N/A       16%         1

Your spell library contained the following spells:

 Spells                   Type           Power      Damage    Failure   Level
 Inner Flame              Hex/Fire       2%         N/A       56%         3
 Portal Projectile        Hex/Tloc       4%         N/A       56%         3
 Cause Fear               Hex            2%         N/A       83%         4

Inventory:

Hand Weapons
 Y - a +1 sling (weapon)
Armour
 c - a +0 robe (worn)
Jewellery
 a - a ring of ice
Scrolls
 e - a scroll of torment {unknown}
 g - a scroll of identify
Potions
 b - a potion of attraction {unknown}
 d - a potion of ambrosia {unknown}
 f - a potion of enlightenment {unknown}

Dungeon Overview and Level Annotations

Branches:
Dungeon (2/15)

Altars:


Message History

The frilled lizard bites you. The ball python closely misses you.
The ball python constricts you. The kobold hits you but does no damage.
You shoot a sling bullet.
The sling bullet closely misses the ball python.
The ball python bites you but does no damage.
The ball python constricts you. The frilled lizard bites you.
The kobold hits you with a +0 short sword.
You shoot a sling bullet.
The sling bullet completely misses the ball python.
The ball python bites you. The ball python constricts you.
The frilled lizard bites you.
You shoot a sling bullet. The sling bullet hits the ball python.
You kill the ball python!
The endoplasm misses you. The frilled lizard bites you. The kobold misses you.
The goblin hits you with a +0 club.
You shoot a sling bullet.
The sling bullet barely misses the frilled lizard.
The sling bullet hits the kobold.
The kobold is moderately wounded.
The kobold hits you with a +0 short sword.
The frilled lizard bites you. The goblin closely misses you.
The endoplasm hits you.
You shoot a sling bullet.
The sling bullet closely misses the kobold.
The kobold hits you with a +0 club. The endoplasm hits you.
The frilled lizard bites you but does no damage.
The kobold barely misses you. The goblin closely misses you.
The kobold misses you. The goblin closely misses you.
The frilled lizard bites you.
The kobold hits you with a +0 short sword.
The endoplasm freezes you.
You are frozen.
You shoot a sling bullet. The sling bullet hits the kobold.
You kill the kobold!
The endoplasm hits you but does no damage.
The kobold barely misses you. The frilled lizard barely misses you.
You furiously retaliate!
You headbutt the frilled lizard!
You kill the frilled lizard!
The goblin hits you with a +0 club.
You die...

...........####..#.#
..............#)##.#
......##........##.#
................##.#
.).##.#.........##.####.
...##.#.................
...##.#...###...........
...##.....##....J)..)...
############....@%......
##...##Kg.....#
#...###.......# #
###...# #.......# ###
###.....# #......[# ..#
#...##..# ###......
..####.####..... .....#
..##...# ##.#### ####.#
..##.### ...


You could see an endoplasm, a goblin and a kobold.

Vanquished Creatures
  An adder (D:2)
  A worm (D:2)
  A dart slug (D:2)
  2 bats (D:1)
  An endoplasm (D:2)
  A giant cockroach (D:1)
  12 goblins
  3 hobgoblins
  4 jackals (D:2)
  5 kobolds
  3 quokkas (D:1)
  5 ball pythons
  2 frilled lizards (D:2)
  5 rats
46 creatures vanquished.

Notes
Turn   | Place    | Note
-------+----------+-------------------------------------------
     0 | D:1      | qw the Minotaur Hexslinger began the quest for the Orb.
     0 | D:1      | Reached XP level 1. HP: 16/16 MP: 1/1
     0 | D:1      | 0 ||| qw: Version: 0.3-a-52-g30416fa
     0 | D:1      | 0 ||| qw: Game counter: 5081
     0 | D:1      | 0 ||| qw: Melee chars always use a shield: true
     0 | D:1      | 0 ||| qw: God list: Okawaru
     0 | D:1      | 0 ||| qw: Allow faded altars: false
     0 | D:1      | 0 ||| qw: Do Orc after clearing Dungeon:15 true
     0 | D:1      | 0 ||| qw: Do second Lair branch before Depths: true
     0 | D:1      | 0 ||| qw: Lair rune preference: random
     0 | D:1      | 0 ||| qw: Goals: Normal
     0 | D:1      | 0 ||| PLANNING D:1-11
   157 | D:1      | Reached skill level 3 in Ranged Weapons
   157 | D:1      | Reached XP level 2. HP: 23/23 MP: 2/2
  1032 | D:1      | 1032 ||| READING scroll labelled LUATUUTSUNI.
  1033 | D:1      | 1033 ||| READING scroll labelled RYUXZAN NIETZ.
  1034 | D:1      | 1034 ||| DROPPING scroll of poison.
  1104 | D:2      | 1104 ||| Stepping ~*~*~tactically~*~*~ (outnumbered).
  1112 | D:2      | Reached XP level 3. HP: 26/29 MP: 3/3
  1224 | D:2      | Reached skill level 4 in Ranged Weapons
  1524 | D:2      | HP: 7/29 [endoplasm (1)]
  1524 | D:2      | HP: 3/29 [kobold/+0 short sword (2)]
  1525 | D:2      | Slain by a goblin

Levels and vault maps discovered:
D:1:      heliophobic_arrival_glass_houses, layout_basic, hangedman_decor_lopped
D:2:      layout_basic, minmay_tetromino_l4

Skill      XL: |  1  2  3 |
---------------+----------+-----
Ranged Weapons | 3 4 |  4.4
Fighting       | 2 |  2.0
Dodging        | |  2.1
Spellcasting   | |  1.0
Hexes          | |  2.0

Action                     || total
---------------------------++-------
   Fire: Sling             ||   151
    Use: Scroll            ||     2
 Armour: Robe              ||    15
  Dodge: Dodged            ||    60

Table legend:
 A = Non-vault XP
 B = Vault XP
 C = Vault XP percentage of total XP
 D = Non-vault monster count
 E = Vault monster count
 F = Vault count percentage of total count
                 A         B        C        D         E       F
            +---------+---------+-------+---------+---------+-------
      Total |      90 |       4 |   4.3 |      42 |       4 |   8.7
            +---------+---------+-------+---------+---------+-------
        D:1 |      37 |       0 |   0.0 |      21 |       0 |   0.0
        D:2 |      53 |       4 |   7.0 |      21 |       4 |  16.0
            +---------+---------+-------+---------+---------+-------
